 Dungeon Crawl Stone Soup version 0.18.1-6-gd335043 (webtiles) character file.

933 dorian the Firebug (level 8, 0/46 HPs)
             Began as an Octopode Fire Elementalist on May 17, 2016.
             Was an Initiate of Vehumet.
             Killed from afar by an electric eel (11 damage)
             ... with a bolt of electricity
             ... on level 6 of the Dungeon.
             The game lasted 00:14:04 (6264 turns).

dorian the Firebug (Octopode Fire Elementalist)     Turns: 6264, Time: 00:14:05

Health: 0/46       AC:  1    Str:  8    XL:     8   Next: 11%
Magic:  7/20       EV: 12    Int: 19    God:    Vehumet [......]
Gold:   148        SH:  0    Dex: 12    Spells: 2 memorised, 6 levels left

rFire  . . .     SeeInvis +     k - +0 hunting sling
rCold  . . .     Gourm    .     (no shield)
rNeg   + . .     Faith    .     (helmet restricted)
rPois  .         Spirit   .     (no amulet)
rElec  .         Dismiss  .     c - ring of positive energy
rCorr  .         Reflect  .     o - ring of see invisible
SustAt .         Harm     .     z - ring of magical power
MR     .....                    (no ring)
Stlth  +++.......               (no ring)
                                (no ring)
                                (no ring)
                                (no ring)

@: very slightly contaminated, not resistant to hostile enchantments, fairly
stealthy
A: almost no armour, amphibious, 8 rings, constrict 8, camouflage 1, gelatinous
body 1
a: Renounce Religion


You were on level 6 of the Dungeon.
You worshipped Vehumet.
Vehumet was noncommittal.
You were hungry.

You visited 2 branches of the dungeon, and saw 7 of its levels.

You collected 148 gold pieces.

Inventory:

Hand Weapons
 k - a +0 hunting sling (weapon)
   (You found it on level 2 of the Dungeon)
 l - a cursed -2 dagger
   (You found it on level 2 of the Dungeon)
Missiles
 e - 30 sling bullets (quivered)
Jewellery
 c - a ring of positive energy (left tentacle)
   (You found it on level 1 of the Dungeon)
 o - a ring of see invisible (right tentacle)
   (You found it on level 3 of the Dungeon)
 v - an uncursed amulet of faith
   (You found it on level 3 of the Dungeon)
 z - a ring of magical power (on tentacle)
   (You found it on level 6 of the Dungeon)
Wands
 j - a wand of flame (29/48)
   (You found it on level 4 of the Dungeon)
Scrolls
 a - 2 scrolls of remove curse
 f - a scroll of teleportation
 g - a scroll of fear {unknown}
 p - a scroll of enchant armour {unknown}
 r - 2 scrolls of identify
 t - a scroll of blinking {unknown}
 x - 2 scrolls of fog {unknown}
 y - a scroll of enchant weapon {unknown}
Potions
 d - a potion of flight {unknown}
 h - a potion of might {unknown}
 i - a potion of brilliance {unknown}
 q - 2 potions of haste {unknown}
 s - a potion of mutation {unknown}
 u - 2 potions of curing {unknown}
 B - a potion of magic {unknown}
Books
 w - a Grand Grimoire
   (You found it on level 3 of the Dungeon)

   Spells                             Type                      Level
   a - Monstrous Menagerie            Summoning                    7
   b - Summon Greater Demon           Summoning                    7
   c - Malign Gateway                 Summoning/Translocation      7
   d - Summon Horrible Things         Summoning                    8
 A - a book of Flames

   Spells                             Type                      Level
   a - Flame Tongue                   Conjuration/Fire             1
   b - Throw Flame                    Conjuration/Fire             2
   c - Conjure Flame                  Conjuration/Fire             3
   d - Inner Flame                    Hexes/Fire                   3
   e - Sticky Flame                   Conjuration/Fire             4
   f - Fireball                       Conjuration/Fire             5
 Z - a book of Fire
   (You found it on level 6 of the Dungeon)

   Spells                             Type                      Level
   a - Ignite Poison                  Fire/Transmutation/Poison    3
   b - Fireball                       Conjuration/Fire             5
   c - Bolt of Fire                   Conjuration/Fire             6
   d - Delayed Fireball               Conjuration/Fire             7
   e - Ring of Flames                 Charms/Fire                  7
Comestibles
 b - 5 bread rations
 m - 3 meat rations
 n - a royal jelly
 C - a chunk of flesh


   Skills:
 - Level 2.0 Dodging
 - Level 2.6 Stealth
 - Level 2.0 Spellcasting
 + Level 6.1 Conjurations
 + Level 7.2 Fire Magic


You had 6 spell levels left.
You knew the following spells:

 Your Spells              Type           Power        Failure   Level  Hunger
a - Flame Tongue          Conj/Fire      ####.        1%          1    #......
b - Sticky Flame          Conj/Fire      ####....     12%         4    #####..


Dungeon Overview and Level Annotations

Branches:
Dungeon (6/15)             Temple (1/1) D:6

Altars:
Ashenzari
Cheibriados
Dithmenos
Elyvilon
Fedhas
Gozag
Kikubaaqudgha
Nemelex Xobeh
Okawaru
Ru
Vehumet
Zin
The Shining One

Annotations:
D:6 Duvessa


Innate Abilities, Weirdness & Mutations

You cannot wear most types of armour.
You are amphibious.
You can wear up to eight rings at the same time.
You can use your tentacles to constrict eight enemies at once.
Your skin changes colour to match your surroundings (Stealth).
Your rubbery body absorbs attacks (AC +1).


Message History

You feel strangely unstable.
Dowan burns!
Dowan hits you but does no damage.
Casting: Sticky Flame
Confirm with . or Enter, or press ? or * to list all spells.
Aiming: Sticky Flame
Press: ? - help, Shift-Dir - straight line, f/p - Dowan
Aim: Dowan, wielding a dagger and wearing a robe (moderately wounded, covered in liquid flames)
You miscast Sticky Flame.
You have a brief vision of globes of primordial fire.
* * * LOW MAGIC WARNING * * *
Dowan burns!
Dowan gestures wildly while chanting.
Dowan blinks!
A crimson imp comes into view.
Casting: Sticky Flame
Confirm with . or Enter, or press ? or * to list all spells.
Aiming: Flame Tongue
Press: ? - help, Shift-Dir - straight line, f/p - Dowan
Aim: Dowan, wielding a dagger and wearing a robe (heavily wounded, covered in liquid flames)
The flame tongue hits Dowan.
You kill Dowan!
Vehumet accepts your kill.
Duvessa weeps, then rights herself and shakes her weapon.
Duvessa goes berserk!
The crimson imp shouts!
* * * LOW MAGIC WARNING * * *
Duvessa hits you but does no damage.
An orc comes into view. It is wielding a club.
The orc priest calls down the wrath of Beogh upon you.
Beogh smites you!
The orc shouts!
Your surroundings suddenly seem different.
You hear a shout!
Found 2 poisoned tomahawks.
An electric eel comes into view.
You see here 2 poisoned tomahawks.
You hear a shout!
You hear a shout!
A goblin and an electric eel come into view.
The electric eel shoots out a bolt of lightning at you!
The bolt of electricity hits you!
You hear a shout!
You hear a shout!
The electric eel shoots out a bolt of lightning at you!
The bolt of electricity hits you!
* * * LOW HITPOINT WARNING * * *
A hippogriff comes into view.
You hear a shout!
The electric eel shoots out a bolt of lightning at you!
The bolt of electricity hits you!
You die...

#####≈≈≈≈≈≈≈≈≈≈≈≈≈≈≈≈≈≈
≈≈≈≈≈≈≈≈≈≈≈≈≈≈≈≈≈≈≈≈≈≈≈
≈≈≈≈≈≈≈≈≈≈≈≈≈≈≈≈≈;≈≈≈≈≈
≈≈≈≈..≈≈≈.≈≈≈≈≈..≈≈.≈≈≈
......................
........(.............
####g#########...#...
#.# #...# #.##### #..@#
#...z..## #..........
....z.z<# #...###....
..........#.... ..
..............##
..........#....
..........H....
.........##.##.
........## .# #


You could see a hippogriff (wandering) and an electric eel.

Vanquished Creatures
  Grinder (D:6)
  An ogre (D:5)
  2 giant frogs (D:6)
  A scorpion (D:4)
  Dowan (D:6)
  2 hounds (D:4)
  A giant frog zombie (D:5)
  A giant frog skeleton (D:4)
  4 orc wizards
  A worker ant (D:5)
  7 adders
  A shadow imp (D:6)
  2 oozes
  3 giant geckos
  11 orcs
  5 giant cockroaches
  7 hobgoblins
  4 jackals (D:3)
  2 ball pythons
  A ball python skeleton (D:5)
  5 bats
  A giant gecko skeleton (D:4)
  4 giant newts
  12 goblins
  10 kobolds
  A quokka skeleton (D:6)
  10 rats
101 creatures vanquished.

Notes
Turn   | Place    | Note
--------------------------------------------------------------
     0 | D:1      | dorian the Octopode Fire Elementalist began the quest for the Orb.
     0 | D:1      | Reached XP level 1. HP: 11/11 MP: 3/3
   202 | D:1      | Reached XP level 2. HP: 17/17 MP: 1/5
   673 | D:1      | Reached XP level 3. HP: 18/21 MP: 0/6
  1180 | D:2      | Reached skill level 2 in Conjurations
  1185 | D:2      | Reached skill level 4 in Fire Magic
  1349 | D:2      | Reached XP level 4. HP: 27/27 MP: 4/7
  1790 | D:2      | HP: 12/27 [adder (2)]
  1797 | D:2      | HP: 9/27 [poisoned by an adder]
  1805 | D:2      | HP: 8/27 [poisoned by an adder]
  2504 | D:3      | Reached skill level 3 in Conjurations
  2561 | D:3      | Reached XP level 5. HP: 31/31 MP: 8/8
  2686 | D:3      | Identified a Grand Grimoire
  3114 | D:4      | HP: 14/31 [hound (4)]
  3115 | D:4      | HP: 6/31 [hound (4)]
  3123 | D:4      | HP: 2/31 [giant frog skeleton (3)]
  3463 | D:4      | Reached skill level 5 in Fire Magic
  3540 | D:4      | Reached XP level 6. HP: 36/36 MP: 5/9
  3546 | D:4      | Learned a level 4 spell: Sticky Flame
  3591 | D:4      | Reached skill level 4 in Conjurations
  3724 | D:4      | Found a blossoming altar of Fedhas.
  3725 | D:4      | Found an ancient bone altar of Kikubaaqudgha.
  3751 | D:4      | HP: 15/36 [orc wizard/dagger (4)]
  4104 | D:4      | Found a sparkling altar of Nemelex Xobeh.
  4105 | D:4      | Found a shattered altar of Ashenzari.
  4315 | D:5      | Entered Level 5 of the Dungeon
  4551 | D:5      | Reached skill level 6 in Fire Magic
  4551 | D:5      | Reached XP level 7. HP: 40/41 MP: 0/10
  4815 | D:5      | HP: 16/41 [centaur/arrow (10)]
  4828 | D:5      | HP: 13/41 [giant frog zombie (5)]
  5105 | D:5      | Reached skill level 5 in Conjurations
  5263 | D:5      | Found a glowing silver altar of Zin.
  5263 | D:5      | Found a glowing golden altar of the Shining One.
  5263 | D:5      | Found a white marble altar of Elyvilon.
  5412 | D:6      | Noticed Grinder
  5437 | D:6      | HP: 18/41 [giant frog (8)]
  5645 | D:6      | Found a staircase to the Ecumenical Temple.
  5671 | Temple   | Entered the Ecumenical Temple
  5706 | Temple   | Became a worshipper of Vehumet
  5794 | D:6      | Killed Grinder
  5820 | D:6      | HP: 18/41 [orc wizard/puff of frost (10)]
  5826 | D:6      | Reached skill level 7 in Fire Magic
  5837 | D:6      | HP: 1/41 [orc/mace (9)]
  6206 | D:6      | Reached skill level 6 in Conjurations
  6206 | D:6      | Reached XP level 8. HP: 42/46 MP: 11/11
  6234 | D:6      | Identified a book of Fire
  6236 | D:6      | Noticed Dowan
  6242 | D:6      | Noticed Duvessa
  6250 | D:6      | Killed Dowan
  6263 | D:6      | HP: 11/46 [electric eel/bolt of electricity (18)]
  6264 | D:6      | Killed from afar by an electric eel

Skill      XL: |  1  2  3  4  5  6  7 |
---------------+----------------------+-----
Conjurations   | 2 3 4 6 |  6.1
Fire Magic     | 4 5 6 7 |  7.2
Dodging        | |  2.0
Stealth        | |  2.6
Spellcasting   | |  2.0

Action                   |  1- 3 |  4- 6 |  7- 9 || total
-------------------------+-------+-------+-------++-------
Melee: Unarmed           |    26 |     7 |       ||    33
       Constrict         |     9 |     2 |       ||    11
       Tentacles         |     3 |       |       ||     3
 Fire: Hunting sling     |       |    99 |    24 ||   123
 Cast: Flame Tongue      |    48 |    65 |    32 ||   145
       Sticky Flame      |       |     2 |     6 ||     8
  Use: Scroll            |       |       |     4 ||     4
 Stab: Sleeping          |       |     1 |       ||     1
  Eat: Chunk             |     2 |     9 |     6 ||    17
       Pizza             |       |     1 |     1 ||     2
Armor: Skin              |     7 |     2 |     4 ||    13
Dodge: Dodged            |    19 |    28 |    14 ||    61
